 Dungeon Crawl Stone Soup version 0.21.1-1-g345015fe64 (webtiles) character file.

29 Henning the Ruffian (level 3, 0/28 HPs)
             Began as a Draconian Transmuter on June 15, 2018.
             Slain by a leopard gecko (5 damage)
             ... on level 4 of the Dungeon.
             The game lasted 00:03:09 (726 turns).

Henning the Ruffian (Draconian Transmuter)           Turns: 726, Time: 00:03:09

Health: 0/28       AC:  0    Str: 12    XL:     3   Next: 1%
Magic:  6/6        EV: 19    Int: 14    God:
Gold:   16         SH:  0    Dex: 16    Spells: 5/6 levels left

rFire    . . .     SeeInvis .     - Unarmed
rCold    . . .     Gourm    .   (shield currently unavailable)
rNeg     . . .     Faith    .   (armour unavailable)
rPois    .         Spirit   .   (helmet currently unavailable)
rElec    .         Reflect  .   (cloak currently unavailable)
rCorr    .         Harm     .   (gloves currently unavailable)
MR       .....                  (boots currently unavailable)
Stlth    ++........             (no amulet)
HPRegen  0.09/turn              (ring currently unavailable)
MPRegen  0.10/turn              (ring currently unavailable)

@: bat-form (expiring), flying, very quick
A: tiny, unfitting armour, AC +5
a: no special abilities


You were on level 4 of the Dungeon.
You were not hungry.
You were in bat-form.
You visited 1 branch of the dungeon, and saw 4 of its levels.

You collected 16 gold pieces.

Inventory:

Missiles
 a - 12 arrows
Scrolls
 d - a scroll of teleportation {unknown}
 e - a scroll of remove curse {unknown}
 h - a scroll of identify {unknown}
 i - a scroll of magic mapping {unknown}
 j - a scroll of enchant armour {unknown}
Potions
 g - a potion of heal wounds {unknown}
Books
 b - a book of Changes

   Spells                             Type                      Level
   a - Beastly Appendage              Transmutation                1
   b - Sticks to Snakes               Transmutation                2
   c - Spider Form                    Transmutation/Poison         3
   d - Ice Form                       Ice/Transmutation            4
   e - Blade Hands                    Transmutation                5
Comestibles
 c - 2 rations


   Skills:
 + Level 1.1 Fighting
 + Level 1.9 Dodging
 + Level 0.2 Stealth
 + Level 3.7 Unarmed Combat
 + Level 2.1 Spellcasting
 + Level 2.3 Transmutations


You had 5 spell levels left.
You knew the following spells:

 Your Spells              Type           Power        Failure   Level  Hunger
a - Beastly Appendage     Tmut           #.....       9%          1    #......


Dungeon Overview and Level Annotations

Branches:
Dungeon (4/15)
 Temple: D:4-7

Altars:

Annotations:
D:2 Sigmund


Innate Abilities, Weirdness & Mutations

((Your plain brown scales are hard. (AC +5)))
You cannot fit into any form of body armour.
((You are cold-blooded and may be slowed by cold attacks.))


Message History

The kobold shouts!
Found an escape hatch in the floor.
A leopard gecko comes into view.
The leopard gecko hisses angrily.
Your transformation is almost over.
The kobold barely misses you. The leopard gecko misses you.
Found a stone staircase leading down.
There is an escape hatch in the floor here.
You can't go up here!
The adder completely misses you. The leopard gecko barely misses you.
You fly downwards.
The hatch slams shut behind you.
You hear the hiss of flowing sand.
There is an entrance to an ossuary on this level.
Hurry and find it before the portal is buried!
You hear the sound of rushing water.
There is an entrance to a sewer on this level.
Hurry and find it before the portal rusts away!
You can't go up here!
You hit the leopard gecko.
The leopard gecko is lightly wounded.
The adder closely misses you. The leopard gecko bites you.
You die...

###
..#
#.#
#.#
#l#
#b#
#S#
#.#
#.#
#.#
#.#
#.#
#.#


You could see an adder and a leopard gecko.

Vanquished Creatures
  2 oozes (D:1)
  2 dart slugs (D:1)
  A bat (D:1)
  2 goblins (D:1)
  3 jackals (D:1)
  2 kobolds (D:1)
  A frilled lizard (D:1)
  4 rats (D:1)
17 creatures vanquished.

Notes
Turn   | Place    | Note
-------+----------+-------------------------------------------
     0 | D:1      | Henning the Draconian Transmuter began the quest for the Orb.
     0 | D:1      | Reached XP level 1. HP: 16/16 MP: 3/3
    66 | D:1      | Reached XP level 2. HP: 21/23 MP: 1/5
   546 | D:1      | Reached XP level 3. HP: 26/28 MP: 4/6
   687 | D:2      | Noticed Sigmund
   726 | D:4      | Slain by a leopard gecko

Action                   || total
-------------------------++-------
Melee: Unarmed           ||    51
       Tailslap          ||     6
       Headbutt          ||     4
       Punch             ||     1
 Cast: Beastly Appendage ||    11
Armor: Skin              ||     5
Dodge: Dodged            ||    54
